 Dungeon Crawl Stone Soup version 0.29-a0-451-gfbfa42419e (webtiles) character file.

Game seed: 677917838098698714

2485 jimonade the Thaumaturge (level 9, -20/66 HPs)
             Began as a Gnoll Hedge Wizard on May 19, 2022.
             Was a Follower of Okawaru.
             Demolished by a two-headed ogre
             ... wielding a +0 giant club
              (34 damage)
             ... on level 8 of the Dungeon.
             The game lasted 00:27:08 (9285 turns).

jimonade the Thaumaturge (Gnoll Hedge Wizard)       Turns: 9285, Time: 00:27:09

Health: -20/66     AC:  7    Str: 14    XL:     9   Next: 52%
Magic:  13/21      EV: 13    Int: 14    God:    Okawaru [*.....]
Gold:   125        SH:  0    Dex:  8    Spells: 7/24 levels left

rFire   . . .      SeeInvis .   M - +7 rapier "Tapoi" {flame, rC+ rCorr Dex-3}
rCold   + + .      Faith    .   (no shield)
rNeg    . . .      Spirit   .   b - +0 robe
rPois   .          Reflect  .   j - +2 helmet
rElec   .          Harm     .   (no cloak)
rCorr   +          Rampage  .   C - +1 pair of gloves
Will    .....                   (no boots)
Stlth   +++.......              (no amulet)
HPRegen 0.21/turn               E - ring of protection from cold
MPRegen 0.17/turn               (no ring)

@: confusing by touch, freezing walls
A: fangs 1, strong nose, distributed training
a: Renounce Religion, Heroism


You were on level 8 of the Dungeon.
You worshipped Okawaru.
Okawaru was aware of your devotion.
You visited 2 branches of the dungeon, and saw 9 of its levels.

You collected 440 gold pieces.
You spent 315 gold pieces at shops.

Inventory:

Hand Weapons
 a - a +0 dagger
 e - a +0 whip
 m - a +0 trident of electrocution
 B - the +5 long sword of Disharmony {elec, rElec Will- Str+3}
   (You found it on level 3 of the Dungeon)

   It occasionally discharges a powerful burst of electricity upon striking a
   foe.
   Str:       It affects your strength (+3).
   rElec:     It insulates you from electricity.
   Will:      It decreases your willpower.
 F - a +3 hand axe of freezing
 G - a +3 mace of holy wrath
 M - the +7 rapier "Tapoi" (weapon) {flame, rC+ rCorr Dex-3}
   (You found it on level 6 of the Dungeon)

   It burns those it strikes, dealing additional fire damage.
   Dex:       It affects your dexterity (-3).
   rC:        It protects you from cold.
   rCorr:     It protects you from acid and corrosion.
Missiles
 f - 259 stones
 l - 5 javelins
 z - 3 throwing nets
 A - 3 silver javelins
 D - 4 boomerangs
 I - 3 poisoned darts
Armour
 b - a +0 robe (worn)
 h - a +0 ring mail
 j - a +2 helmet (worn)
 y - a +0 leather armour
 C - a +1 pair of gloves (worn)
 J - a +0 ring mail
 K - an orb of mayhem
 T - the +5 ring mail of Citups {Rampage *Slow Int+3 Stlth+}
   (You bought it in a shop on level 6 of the Dungeon)

   Int:       It affects your intelligence (+3).
   *Slow:     It may slow you when you take damage.
   Rampage:   It bestows one free step when moving towards enemies.
   Stlth:     It makes you more stealthy.
 W - a +0 scale mail
Magical Staves
 O - a staff of poison
Jewellery
 E - a ring of protection from cold (left hand)
Wands
 c - a wand of polymorph (2)
 R - a wand of digging (7)
Scrolls
 n - 3 scrolls of blinking
 q - 3 scrolls of teleportation
 s - a scroll of amnesia
 H - a scroll of enchant armour
 P - 3 scrolls of poison
 U - a scroll of noise
Potions
 d - 2 potions of magic
 g - 5 potions of curing
 i - 2 potions of heal wounds {unknown}
 k - a potion of attraction {unknown}
 o - a potion of mutation {unknown}
 p - 2 potions of resistance
 t - a potion of brilliance {unknown}
 w - 2 potions of lignification
 L - 2 potions of flight
 N - a potion of haste {unknown}


   Skills:
 + Level 4.3 Fighting
 + Level 4.3 Short Blades
 + Level 4.3 Long Blades
 + Level 4.3 Axes
 + Level 4.3 Maces & Flails
 + Level 4.3 Polearms
 + Level 4.3 Staves
 + Level 4.3 Slings
 + Level 4.3 Bows
 + Level 4.3 Crossbows
 + Level 4.3 Throwing
 + Level 4.3 Armour
 + Level 6.3 Dodging
 + Level 6.1 Stealth
 + Level 4.3 Shields
 + Level 4.3 Unarmed Combat
 + Level 8.4 Spellcasting
 + Level 4.2 Conjurations
 + Level 3.5 Hexes
 + Level 4.2 Summonings
 + Level 3.5 Necromancy
 + Level 4.2 Translocations
 + Level 3.5 Transmutations
 + Level 3.5 Fire Magic
 + Level 3.5 Ice Magic
 + Level 3.5 Air Magic
 + Level 3.5 Earth Magic
 + Level 3.5 Poison Magic
 + Level 4.7 Invocations
 + Level 4.3 Evocations


You had 7 spell levels left.
You knew the following spells:

 Your Spells              Type           Power      Damage    Failure   Level
a - Magic Dart            Conj           68%        1d6       2%          1
b - Blink                 Tloc           34%        N/A       3%          2
c - Call Imp              Summ           17%        N/A       3%          2
d - Freeze                Ice            60%        1d8       2%          1
e - Frozen Ramparts       Ice            30%        1d5       9%          3
f - Scorch                Fire           30%        2d7       4%          2
g - Mephitic Cloud        Conj/Pois/Air  16%        N/A       8%          3
h - Confusing Touch       Hex            15%        N/A       9%          3

Your spell library contained the following spells:

 Spells                   Type           Power      Damage    Failure   Level
 Slow                     Hex            60%        N/A       2%          1
 Static Discharge         Conj/Air       16%        N/A       3%          2
 Ensorcelled Hibernation  Hex/Ice        30%        N/A       4%          2
 Sublimation of Blood     Necr           15%        N/A       4%          2
 Wereblood                Tmut           15%        N/A       4%          2
 Conjure Flame            Conj/Fire      16%        6-21      8%          3
 Inner Flame              Hex/Fire       15%        N/A       9%          3
 Spider Form              Tmut/Pois      15%        N/A       9%          3
 Vampiric Draining        Necr           15%        2d7       9%          3
 Flame Wave               Conj/Fire      16%        2d6       24%         4
 Hailstorm                Conj/Ice       16%        3d6       24%         4
 Sticky Flame             Conj/Fire      16%        2d4       24%         4
 Anguish                  Hex/Necr       7%         N/A       28%         4
 Cause Fear               Hex            7%         N/A       28%         4
 Dispel Undead            Necr           15%        3d10      28%         4
 Ice Form                 Ice/Tmut       15%        N/A       28%         4
 Discord                  Hex            7%         N/A       100%        8
 Summon Ice Beast         Ice/Summ       Unusable   N/A       N/A         4
 Summon Cactus Giant      Summ           Unusable   N/A       N/A         6
 Summon Hydra             Summ           Unusable   N/A       N/A         7

Dungeon Overview and Level Annotations

Branches:
Dungeon (8/15)             Temple (1/1) D:6
   Lair: D:8-11

Altars:
Ashenzari
Cheibriados
Fedhas
Gozag
Hepliaklqana
Makhleb
Nemelex Xobeh
Okawaru
Ru
Trog
Vehumet
Wu Jian
Xom
Yredelemnul
The Shining One

Shops:
D:3 :   D:6 [

Annotations:
D:2 1 runed translucent door, Crazy Yiuf
D:5 1 runed translucent door, Pelinal's ghost, amateur MfIE


Innate Abilities, Weirdness & Mutations

You have very sharp teeth.
Your uncanny sense of smell can sniff out nearby items.
Your experience applies equally to all skills.


Message History

Casting: Freeze (safe; 2% risk of failure)
Confirm with . or Enter, or press ? or * to list all spells.
Okay, then.
Unknown command.
Casting: Freeze (safe; 2% risk of failure)
Confirm with . or Enter, or press ? or * to list all spells.
Aiming: Mephitic Cloud (dangerous; 8% risk of failure)
Press: ? - help, Shift-Dir - straight line, f - two-headed ogre
Aim: a two-headed ogre, wielding two +0 giant clubs (chance to affect: 53%)
The ball explodes into a vile cloud!
The stinking cloud engulfs the two-headed ogre but does no damage.
You hear a shout!
You hear an angry hiss.
The two-headed ogre is engulfed in noxious fumes.
Casting: Mephitic Cloud (dangerous; 8% risk of failure)
Confirm with . or Enter, or press ? or * to list all spells.
Casting: Frozen Ramparts (dangerous; 9% risk of failure)
Press: ? - help, Dir - look around, f - activate The walls around you are covered in ice.
The wall freezes the two-headed ogre.
The two-headed ogre hits you with a +0 giant club! x2
Casting: Frozen Ramparts (dangerous; 9% risk of failure)
Confirm with . or Enter, or press ? or * to list all spells.
Your hands begin to glow red.
You hit the two-headed ogre but do no damage.
The two-headed ogre is lightly wounded.
The wall freezes the two-headed ogre.
The two-headed ogre hits you with a +0 giant club!!
* * * LOW HITPOINT WARNING * * *
The two-headed ogre hits you with a +0 giant club.
* * * LOW HITPOINT WARNING * * *
You are too injured to fight recklessly!
Unknown command.
You hit the two-headed ogre but do no damage.
The two-headed ogre is lightly wounded.
You hit the two-headed ogre but do no damage.
The two-headed ogre is lightly wounded.
The wall freezes the two-headed ogre.
The two-headed ogre hits you with a +0 giant club!!
Ouch! That really hurt!
You die...

##.. #./. ...
..... ..# ..
#..###.###...#
#.........Y..#
#.####..# #.#
........# #.#
#......O# #.#
##@###.####..#
#............#
#####..#####.#
#..# #..#####
#......#
#..###.#
#......#∆
#.######


You could see a two-headed ogre.

Vanquished Creatures
  A steam dragon (D:7)
  2 water moccasins
  An orc warrior (D:6)
  2 black bears (D:7)
  3 ogres
  A bullfrog (D:6)
  A necrophage (D:6)
  5 scorpions
  6 killer bees (D:7)
  A howler monkey (D:3)
  A jelly (D:5)
  2 hounds (D:6)
  3 orc priests
  3 gnoll shamans
  6 iguanas
  4 orc wizards
  7 adders
  19 gnolls
  A shadow imp (D:5)
  2 ufetubi (D:6)
  4 dart slugs (D:1)
  15 orcs
  12 ball pythons
  10 bats
  6 endoplasms
  4 giant cockroaches
  10 goblins
  6 hobgoblins
  4 jackals (D:1)
  6 quokkas
  2 frilled lizards
  9 kobolds
  9 rats
168 creatures vanquished.

Vanquished Creatures (others)
  A plant (D:6)
  2 withered plants (D:5)
3 creatures vanquished.

Grand Total: 171 creatures vanquished

Notes
Turn   | Place    | Note
-------+----------+-------------------------------------------
     0 | D:1      | jimonade the Gnoll Hedge Wizard began the quest for the
                  | Orb.
     0 | D:1      | Reached XP level 1. HP: 13/13 MP: 8/8
   164 | D:1      | Reached XP level 2. HP: 19/19 MP: 6/10
   690 | D:1      | Reached XP level 3. HP: 24/25 MP: 4/11
   779 | D:1      | Found a faded altar of an unknown god.
  1066 | D:1      | Reached skill level 1 in Invocations
  1493 | D:1      | Reached skill level 1 in Fighting
  1493 | D:1      | Reached skill level 1 in Short Blades
  1493 | D:1      | Reached skill level 1 in Long Blades
  1493 | D:1      | Reached skill level 1 in Axes
  1493 | D:1      | Reached skill level 1 in Maces & Flails
  1493 | D:1      | Reached skill level 1 in Polearms
  1493 | D:1      | Reached skill level 1 in Staves
  1493 | D:1      | Reached skill level 1 in Slings
  1493 | D:1      | Reached skill level 1 in Bows
  1493 | D:1      | Reached skill level 1 in Crossbows
  1493 | D:1      | Reached skill level 1 in Throwing
  1493 | D:1      | Reached skill level 1 in Armour
  1493 | D:1      | Reached skill level 1 in Shields
  1493 | D:1      | Reached skill level 1 in Unarmed Combat
  1493 | D:1      | Reached skill level 1 in Evocations
  1744 | D:2      | Learned a level 2 spell: Blink
  1747 | D:2      | Learned a level 2 spell: Call Imp
  1776 | D:2      | Reached XP level 4. HP: 32/32 MP: 10/13
  2167 | D:2      | Found a runed translucent door.
  2168 | D:2      | Noticed Crazy Yiuf
  2469 | D:3      | Reached skill level 1 in Hexes
  2469 | D:3      | Reached skill level 1 in Necromancy
  2469 | D:3      | Reached skill level 1 in Transmutations
  2469 | D:3      | Reached skill level 1 in Fire Magic
  2469 | D:3      | Reached skill level 1 in Ice Magic
  2469 | D:3      | Reached skill level 1 in Air Magic
  2469 | D:3      | Reached skill level 1 in Earth Magic
  2469 | D:3      | Reached skill level 1 in Poison Magic
  3006 | D:3      | Reached XP level 5. HP: 32/37 MP: 14/14
  3572 | D:3      | Identified the +5 long sword of Disharmony {elec, rElec
                  | Will- Str+3}
  3587 | D:3      | Found a broken altar of Ashenzari.
  3606 | D:3      | Found Vuomm's Book Shoppe.
  3786 | D:4      | Learned a level 1 spell: Freeze
  3790 | D:4      | Learned a level 3 spell: Frozen Ramparts
  3796 | D:4      | Found a burning altar of Makhleb.
  3858 | D:3      | Reached XP level 6. HP: 44/44 MP: 14/16
  3890 | D:4      | Reached skill level 5 in Dodging
  4241 | D:4      | Found an ornate altar of the Wu Jian Council.
  4509 | D:4      | Found a sacrificial altar of Ru.
  4750 | D:5      | Entered Level 5 of the Dungeon
  4858 | D:5      | Reached XP level 7. HP: 42/50 MP: 13/18
  5187 | D:5      | Found a runed translucent door.
  5188 | D:5      | Noticed Pelinal's ghost (amateur MfIE)
  5255 | D:5      | Reached skill level 5 in Stealth
  5355 | D:5      | Identified the +3 leather armour of Twilight {rPois}
  5895 | D:5      | Reached XP level 8. HP: 56/57 MP: 12/19
  6302 | D:6      | Identified the +7 rapier "Tapoi" {flame, rC+ rCorr Dex-3}
  6479 | D:6      | Reached skill level 8 in Spellcasting
  7212 | D:6      | Found a staircase to the Ecumenical Temple.
  7219 | Temple   | Entered the Ecumenical Temple
  7457 | Temple   | Became a worshipper of Warmaster Okawaru
  7594 | D:6      | Found Tudwuq's Antique Armour Shop.
  7615 | D:6      | Bought an amethyst-encrusted ring mail for 315 gold pieces
  7615 | D:6      | Identified the +5 ring mail of Citups {Rampage *Slow Int+3
                  | Stlth+} (You bought it in a shop on level 6 of the Dungeon)
  7701 | D:6      | Reached XP level 9. HP: 53/65 MP: 14/21
  8052 | D:7      | Learned a level 2 spell: Scorch
  8056 | D:7      | Learned a level 3 spell: Mephitic Cloud
  8060 | D:7      | Learned a level 3 spell: Confusing Touch
  8590 | D:7      | Reached * piety under Okawaru
  9278 | D:8      | Noticed a two-headed ogre
  9285 | D:8      | Demolished by a two-headed ogre

Illustrated notes

Levels and vault maps discovered:
D:1:      dpeg_arrival_simpleton_b, layout_basic,
          nicolae_ecumenical_lake_church, minmay_cut_off
D:2:      layout_rooms, grunt_decor_mini_mirrors, uniq_crazy_yiuf_cottage
D:3:      layout_basic, lemuel_tele_altar, serial_shops, shop,
          chequers_serial_rivers_micro_d, minmay_joined_circles
D:4:      layout_cave_pools, old_standard_altar, nicolae_overflow_crystal_walls,
          nicolae_ru_the_path_less_chosen, chequers_serial_rivers_micro_e
D:5:      layout_loops_ring, gammafunk_ghost_grave, minmay_diced_spiral
D:6:      layout_loops_corners, minmay_temple_entry_nine_rooms, serial_shops,
          nicolae_shop_overgrown_old_shop, nrook_campfire
D:7:      layout_loops_ring
D:8:      layout_basic, kennysheep_vampire_church, minmay_manual_mess,
          uniq_pikel
Temple:   minmay_temple_curvy_loop

Skill      XL: |  1  2  3  4  5  6  7  8  9 |
---------------+----------------------------+-----
Conjurations   | 2 3 4 |  4.2
Summonings     | 2 3 4 |  4.2
Translocations | 2 3 4 |  4.2
Invocations    | 1 2 3 4 |  4.7
Fighting       | 1 2 3 4 |  4.3
Short Blades   | 1 2 3 4 |  4.3
Long Blades    | 1 2 3 4 |  4.3
Axes           | 1 2 3 4 |  4.3
Maces & Flails | 1 2 3 4 |  4.3
Polearms       | 1 2 3 4 |  4.3
Staves         | 1 2 3 4 |  4.3
Slings         | 1 2 3 4 |  4.3
Bows           | 1 2 3 4 |  4.3
Crossbows      | 1 2 3 4 |  4.3
Throwing       | 1 2 3 4 |  4.3
Armour         | 1 2 3 4 |  4.3
Shields        | 1 2 3 4 |  4.3
Unarmed Combat | 1 2 3 4 |  4.3
Evocations     | 1 2 3 4 |  4.3
Hexes          | 1 2 3 |  3.5
Necromancy     | 1 2 3 |  3.5
Transmutations | 1 2 3 |  3.5
Fire Magic     | 1 2 3 |  3.5
Ice Magic      | 1 2 3 |  3.5
Air Magic      | 1 2 3 |  3.5
Earth Magic    | 1 2 3 |  3.5
Poison Magic   | 1 2 3 |  3.5
Dodging        | 5 6 |  6.3
Stealth        | 5 6 |  6.1
Spellcasting   | 8 |  8.4

Action                   |  1- 3 |  4- 6 |  7- 9 || total
-------------------------+-------+-------+-------++-------
Melee: Trident           |       |    45 |       ||    45
       Long sword        |       |    31 |    61 ||    92
       Bite              |       |     3 |    11 ||    14
       Punch             |       |     1 |     4 ||     5
       Rapier            |       |       |    77 ||    77
 Cast: Magic Dart        |   102 |    94 |    19 ||   215
       Call Imp          |       |     4 |       ||     4
       Frozen Ramparts   |       |     1 |    31 ||    32
       Freeze            |       |       |     5 ||     5
       Blink             |       |       |     3 ||     3
       Scorch            |       |       |     5 ||     5
       Mephitic Cloud    |       |       |     1 ||     1
       Confusing Touch   |       |       |     1 ||     1
  Use: Scroll            |       |       |    16 ||    16
 Stab: Sleeping          |       |     1 |     3 ||     4
Armor: Robe              |     7 |    21 |    40 ||    68
       Leather armour    |       |     8 |       ||     8
Dodge: Dodged            |     8 |    62 |    96 ||   166

Table legend: (Time is in decaauts)
 A = Elapsed time spent in this place.
 B = Non-inter-level travel time spent in this place.
 C = Inter-level travel time spent in this place.
 D = Time resting spent in this place.
 E = Time spent auto-exploring this place.
 F = Levels seen in this place.
 G = Mean time per level.
                   A        B        C        D        E       F      G
               +--------+--------+--------+--------+--------+-----+--------+
         Total |   9327 |   9072 |    255 |    319 |   6804 |   9 | 1036.3 |
       Dungeon |   9070 |   8872 |    198 |    319 |   6619 |   8 | 1133.8 |
        Temple |    256 |    199 |     57 |      0 |    185 |   1 |  256.0 |
               +--------+--------+--------+--------+--------+-----+--------+

Top non-repeatable levels by time:
     D:1: 1657 daAuts
     D:5: 1493 daAuts
     D:6: 1475 daAuts
     D:7: 1290 daAuts
     D:3: 1260 daAuts
     D:2: 1125 daAuts
     D:4: 727 daAuts
  Temple: 256 daAuts
     D:8: 38 daAuts
